 Dungeon Crawl Stone Soup version 0.29-a0-824-gd827844252 (console) character file.

Game seed: 18280017715848275987

442438 Banquo the Spry (level 25, 0/211 HPs)
             Began as a Djinni Warper on July 10, 2022.
             Was a High Priest of Ashenzari.
             Slain by a Tzitzimitl (11 damage)
             ... called by a doom hound
             ... on level 2 of the Depths on July 13, 2022.
             The game lasted 06:31:53 (48409 turns).

Banquo the Spry (Djinni Warper)                    Turns: 48409, Time: 06:31:54

Health: 0/211      AC: 18    Str: 10    XL:     25   Next: 31%
Gold:   5032       EV: 18    Int: 24    God:    Ashenzari [*****.] SH: 12 Dex: 16

rFire   + + .      SeeInvis +   b - staff of air
rCold   + + +      Faith    .   i - +2 buckler of the Eye in the Sky {rC+, Melee, Self} (curse)
rNeg    . . .      Spirit   .   d - +1 scale mail of Ashenzari's Comet {Regen+ Slay+2 Stlth-, Fort, Self} (curse)
rPois   ∞          Reflect  .   h - +2 hat of Ashenzari's Orthodoxy {rC+, Self, Evo} (curse)
rElec   +          Harm     .   e - +2 cloak {rCorr}
rCorr   +          Rampage  .   g - +0 pair of gloves "Ensconced Visionary" {Self, Evo} (curse)
Will    +++..      Clarity  +   (boots unavailable)
Stlth   ++........              W - amulet of the Oracular Mutualism {Regen+, Self, Cun} (curse)
HPRegen 2.05/turn               f - ring "Circumscribed Paranoia" {rC++ Will+, Fort, Self} (curse)
MPRegen 0.00/turn               R - ring "Seer of Ashenzari" {Wiz, Cun, Self} (curse)

@: flying, hasted and slowed
A: sickness immunity, fire resistance 2, cold vulnerability 1, float, innate
caster, HP casting, extra vitality 1
}: 2/15 runes: barnacled, gossamer
a: Renounce Religion, Curse Item, Shatter the Chains


You were on level 2 of the Depths.
You worshipped Ashenzari.
Ashenzari was extremely pleased with you.
You visited 9 branches of the dungeon, and saw 41 of its levels.
You also visited: Ossuary and Ice Cave.

You collected 5937 gold pieces.
You spent 905 gold pieces at shops.

Inventory:

Hand Weapons
 a - the +9 scimitar "Rawea" {elec, rPois Dex+3}
   (You found it on level 2 of the Elven Halls)

   It occasionally discharges a powerful burst of electricity upon striking a
   foe.
   Dex:       It affects your dexterity (+3).
   rPois:     It protects you from poison.
 w - the +3 scimitar of Negaisa {flame, rF+ rN+ Dex-3}
   (You found it on level 2 of the Elven Halls)

   It burns those it strikes, dealing additional fire damage.
   Big, fiery blades are also staple armaments of hydra-hunters.
   Dex:       It affects your dexterity (-3).
   rF:        It protects you from fire.
   rN:        It protects you from negative energy.
 O - a +2 long sword of holy wrath
Missiles
 M - 61 boomerangs
 S - 17 boomerangs of dispersal
Armour
 d - the cursed +1 scale mail of Ashenzari's Comet (worn) {Regen+ Slay+2 Stlth-, Fort, Self}
   (You found it on level 9 of the Dungeon)

   Slay:      It affects your accuracy & damage with ranged weapons and melee
   (+2).
   Regen:     It increases your rate of health regeneration.
   Stlth:     It makes you less stealthy.
   It has a curse which improves the following skills: Fortitude: Armour and
   Shields.
   Introspection: Fighting and Spellcasting.
 e - a +2 cloak of preservation (worn)
 g - the cursed +0 pair of gloves "Ensconced Visionary" (worn) {Self, Evo}
   (You found it on level 1 of the Lair of Beasts)

   It has a curse which improves the following skills: Introspection: Fighting
   and Spellcasting.
   Evocations: Evocations.
 h - the cursed +2 hat of Ashenzari's Orthodoxy (worn) {rC+, Self, Evo}
   (You found it on level 15 of the Dungeon)

   rC:        It protects you from cold.
   It has a curse which improves the following skills: Introspection: Fighting
   and Spellcasting.
   Evocations: Evocations.
 i - the cursed +2 buckler of the Eye in the Sky (worn) {rC+, Melee, Self}
   (You found it in an ice cave)

   It has a curse which improves the following skills: Melee Combat: Short
   Blades, Long Blades, Axes, Maces & Flails, Polearms, Staves and Unarmed
   Combat.
   Introspection: Fighting and Spellcasting.
 n - a +2 helmet of intelligence
 o - a +2 kite shield of reflection
 u - a +0 kite shield of reflection
Magical Staves
 b - a staff of air (weapon)
 c - a staff of conjuration
 x - a staff of cold
Jewellery
 f - the cursed ring "Circumscribed Paranoia" (left hand) {rC++ Will+, Fort, Self}
   (You found it on level 5 of the Lair of Beasts)

   [ring of willpower]

   rC:        It greatly protects you from cold.
   Will:      It increases your willpower.
   It has a curse which improves the following skills: Fortitude: Armour and
   Shields.
   Introspection: Fighting and Spellcasting.
 r - a ring of willpower
 R - the cursed ring "Seer of Ashenzari" (right hand) {Wiz, Cun, Self}
   (You found it on level 7 of the Dungeon)

   [ring of wizardry]

   It improves your spell success rate.
   It has a curse which improves the following skills: Cunning: Dodging and
   Stealth.
   Introspection: Fighting and Spellcasting.
 W - the cursed amulet of the Oracular Mutualism (around neck) {Regen+, Self, Cun}
   (You found it on level 9 of the Dungeon)

   [amulet of regeneration]

   Regen:     It increases your rate of health regeneration.
   It has a curse which improves the following skills: Introspection: Fighting
   and Spellcasting.
   Cunning:   Dodging and Stealth.
Wands
 y - a wand of mindburst (53)
 z - a wand of roots (40)
 D - a wand of digging (10)
 P - a wand of flame (6)
 X - a wand of acid (11)
Scrolls
 m - 5 scrolls of magic mapping
 q - 15 scrolls of teleportation
 t - 6 scrolls of summoning
 A - 4 scrolls of blinking
 E - 7 scrolls of fog
 U - 7 scrolls of fear
 V - 3 scrolls of poison
Potions
 j - 27 potions of curing
 k - 10 potions of haste
 p - 3 potions of brilliance
 s - 9 potions of ambrosia
 B - 7 potions of resistance
 F - 5 potions of cancellation
 G - 3 potions of berserk rage
 I - 5 potions of might
 L - 5 potions of heal wounds
 Q - 3 potions of invisibility
Miscellaneous
 l - a lightning rod (4/4)
 v - a phantom mirror
 C - a box of beasts


   Skills:
 * Level 17.9(25.8) Fighting
 - Level 11.7(14.0) Long Blades
 - Level 0.7 Throwing
 - Level 12.6(16.0) Armour
 - Level 19.8(23.0) Dodging
 - Level 7.5(11.0) Stealth
 - Level 18.8(22.0) Shields
 + Level 17.9(25.8) Spellcasting
 - Level 5.6(9.0) Evocations


You couldn't memorise any spells.
You knew the following spells:

 Your Spells              Type           Power      Damage    Failure   Level
a - Stone Arrow           Conj/Erth      100%       3d13      0%          3
b - Fireball              Conj/Fire      50%        3d20      0%          5
c - Lesser Beckoning      Tloc           100%       N/A       0%          3
d - Static Discharge      Conj/Air       100%       3-16/arc  0%          2
e - Death Channel         Necr           50%        N/A       0%          6
f - Manifold Assault      Tloc           100%       N/A       0%          5
g - Gell's Gravitas       Tloc           100%       N/A       0%          3
i - Ignition              Fire           50%        3d14      1%          8
m - Maxwell's Capacitive  Air            62%        ∞         1%          8
o - Orb of Destruction    Conj           50%        9d13      1%          7
s - Starburst             Conj/Fire      50%        6d14      0%          6
t - Teleport Other        Tloc           100%       N/A       0%          3
w - Wereblood             Tmut           100%       N/A       0%          2
z - Foxfire               Conj/Fire      100%       2x1d9     0%          1
B - Blink                 Tloc           100%       N/A       0%          2
F - Summon Forest         Summ/Tloc      50%        N/A       0%          5
X - Summon Horrible Thin  Summ           50%        N/A       1%          8
Your spell library was empty.

Dungeon Overview and Level Annotations

Branches:
Dungeon (15/15)            Temple (1/1) D:5            Lair (6/6) D:9
 Shoals (4/4) Lair:4       Spider (4/4) Lair:2        Slime (0/5) Lair:5
    Orc (2/2) D:10            Elf (3/3) Orc:2        Vaults (4/5) D:13
  Crypt (0/3) Vaults:3     Depths (2/4) D:15        Ossuary (visited)
  IceCv (visited)

Altars:
Ashenzari
Cheibriados
Dithmenos
Elyvilon
Fedhas
Gozag
Hepliaklqana
Makhleb
Nemelex Xobeh
Okawaru
Qazlal
Ru
Trog
Uskayaw
Wu Jian
Xom
Yredelemnul
Zin
The Shining One
Jiyva

Shops:
Orc:2 =:!*?   Elf:3 (   Shoals:2 **   Shoals:3 =   Vaults:1 !   Vaults:2 *
Vaults:3 *   Vaults:4 *!([   Depths:1 *(

Portals:
Hell: Depths:1
Pandemonium: Depths:2
Trove: D:13 (give 2 scrolls of acquirement)

Annotations:
Elf:2 3 runed translucent doors
Depths:2 Mara


Innate Abilities, Weirdness & Mutations

You are immune to sickness and miasma.
You are immune to poison.
Your flesh is very heat resistant. (rF++)
You are vulnerable to cold. (rC-)
You float through the air rather than walking.
You learn spells naturally, not from books.
Your magical power is your life essence.
You have superior vitality. (+4 MHP)


Message History

Press: ? - help, Dir - look around, f - activate The bolt of fire hits the tormentor!!
The tormentor resists.
The tormentor is almost dead.
* * * LOW HITPOINT WARNING * * *
The tormentor calls on the powers of darkness!
Your body is wracked with pain!
* * * LOW HITPOINT WARNING * * *
You feel much better.
The tormentor calls on the powers of darkness!
Your body is wracked with pain!
* * * LOW HITPOINT WARNING * * *
Casting: Starburst (safe; 0% risk of failure)
Confirm with . or Enter, or press ? or * to list all spells.
Casting: Starburst (safe; 0% risk of failure)
Press: ? - help, Dir - look around, f - activate
Okay, then.
Unknown command.
Unknown command.
Press: ? - help, v - describe, . - travel
Here: a Tzitzimitl (heavily wounded)
The floor.
Unknown command.
Unknown command.
You feel much better.
The tormentor calls on the powers of darkness!
Your body is wracked with pain!
* * * LOW HITPOINT WARNING * * *
You block the tormentor's attack. The tormentor hits you.
* * * LOW HITPOINT WARNING * * *
You writhe in agony.
* * * LOW HITPOINT WARNING * * *
You feel yourself speed up. The tormentor hits you.
* * * LOW HITPOINT WARNING * * *
You writhe in agony.
* * * LOW HITPOINT WARNING * * *
You block the tormentor's attack. The Tzitzimitl engulfs you.
* * * LOW HITPOINT WARNING * * *
The Tzitzimitl drains your vigour!
You feel yourself slow down. The Tzitzimitl bites you!
You die...

≈ *,* ,,** * *≈*
, * , ** * * ***
* ,* , , *,, ,
,,,* , * , * ,
,,, , , , ,,,*
,,,,, , ,, , ,
,** * ...##.., ,
,,, , ** ,,
,,,,,....#.. , *
* , , ,.)###.. ,
, ,, * , , ,
..##@#.. . , , ,
* , ..#12#.....*
, ,, ,* ,, ***
###..#.....,, ,
,, * * *
#...).....# , ,
, ,*
###..#....#,, ,,
,* , *, **
*,,..#..#......,
, * , ,,
,..####.!..#. ,*
, * ***** , ,
.#.#* *,*, , * *
, , #..., *


You could see a Tzitzimitl and a tormentor.

Vanquished Creatures
  A dread lich (Vaults:3)
  Frederick (Vaults:3)
  Saint Roka (Vaults:1)
  Arachne (Spider:3)
  Nikola (Spider:3)
  2 doom hounds (Depths:2)
  A Tzitzimitl (Depths:2)
  Asterion (Depths:2)
  2 deep elf blademasters (Elf:3)
  2 deep elf master archers (Elf:3)
  Grunn (Depths:2)
  3 sphinxes
  3 krakens
  The ghost of Dasi the Gelid, an adept SpEn of Vehumet (Vaults:3)
  The ghost of Mandevil the Scorcher, an adept DgFE (Shoals:2)
  Agnes (D:14)
  Roxanne (D:14)
  A fire giant (Depths:2)
  A tengu reaver (Depths:1)
  4 frost giants
  Ilsuiw (Shoals:4)
  A fenstrider witch (Shoals:1)
  2 balrugs
  5 emperor scorpions
  3 orc warlords (Vaults:4)
  7 deep elf sorcerers
  Louise (Shoals:1)
  Aizul (Vaults:2)
  3 ghost moths
  11 vault wardens
  8 deep elf elementalists (Elf:3)
  2 war gargoyles
  A reaper (Depths:2)
  15 ironbound thunderhulks
  9 ironbound preservers
  6 broodmothers
  4 stone giants
  A vampire knight (Depths:2)
  17 very ugly things
  5 deep elf demonologists
  9 entropy weavers
  7 deep elf annihilators
  11 dire elephants
  4 spark wasps
  3 ettins
  2 crystal guardians (Vaults:3)
  A fire dragon (Depths:1)
  14 merfolk javelineers
  5 deep elf death magi (Elf:3)
  6 deep elf high priests
  3 great orbs of eyes
  2 spriggan zombies (Depths:2)
  3 merfolk impalers
  10 hydras
  2 ice dragons (Depths:1)
  11 yaktaur captains
  A rakshasa (Depths:1)
  3 peacekeepers
  Fannar (D:10)
  A spriggan air mage (Depths:1)
  A caustic shrike simulacrum (IceCv)
  7 boulder beetles
  7 vault guards
  32 centaur warriors
  2 catoblepae
  3 ironbound frosthearts
  A merfolk aquamancer (Shoals:4)
  2 ogre magi (D:15)
  3 radroaches
  An alligator snapping turtle (Shoals:4)
  2 jorogumos
  2 alligators (Shoals:3)
  4 merfolk avatars
  The ghost of gabibbone the Prestidigitator, a novice OpEE of Ashenzari (D:9)
  2 deep troll earth magi
  12 two-headed ogres
  2 tengu warriors
  3 satyrs
  19 dancing weapons
  An orc high priest (Vaults:4)
  3 death yaks (Lair:6)
  Urug (D:13)
  A spriggan berserker (Depths:2)
  A soul eater (Depths:2)
  5 hell knights (Vaults:4)
  6 deep elf knights
  A sun demon (Depths:1)
  7 pharaoh ants
  15 sea snakes
  3 sun moths
  An iron troll (Depths:1)
  20 deep trolls
  2 goliath frogs (Shoals:3)
  An orb spider (shapeshifter) (Elf:3)
  A flayed ghost (Depths:1)
  8 steelbarb worms
  6 orb spiders
  17 lindwurms
  19 deep elf archers
  2 orange crystal statues (IceCv)
  8 wizards
  2 phantasmal warriors (Vaults:3)
  An obsidian statue (Shoals:2)
  16 harpies
  16 ironbound convokers
  2 orc sorcerers
  12 orc knights
  19 wolf spiders
  34 deep elf pyromancers
  22 deep elf zephyrmancers
  7 necromancers
  A tengu skeleton (Vaults:3)
  2 stone giant zombies
  39 ugly things
  A cyclops (Shoals:4)
  A faun (shapeshifter) (Vaults:3)
  2 frost giant zombies
  13 manticores
  22 fauns
  2 guardian serpents (shapeshifter) (Elf:3)
  2 human skeletons (Vaults:3)
  2 moths of wrath
  4 elephants
  15 vault sentinels
  3 water nymphs
  2 smoke demons
  3 black mambas
  2 ice statues (Spider:4)
  9 merfolk sirens
  6 torpor snails
  10 cane toads
  An eye of devastation (Lair:5)
  A gargoyle (D:12)
  A yaktaur zombie (Vaults:1)
  2 rime drakes
  An unseen horror (D:13)
  2 kobold demonologists (D:13)
  5 komodo dragons
  25 yaktaurs
  5 demonic crawlers
  4 freezing wraiths
  3 golden dragon simulacra (IceCv)
  2 anaconda simulacra (IceCv)
  A tengu conjurer (Depths:1)
  A hellwing (Depths:2)
  2 yaktaur skeletons (Vaults:3)
  A troll (shapeshifter) (D:15)
  3 trolls
  A polar bear (shapeshifter) (Elf:3)
  3 meliai (Spider:3)
  30 tarantellas
  36 merfolk
  A tarantella (shapeshifter) (Elf:3)
  Grinder (D:3)
  7 polar bears
  3 wind drakes
  A hornet (D:9)
  13 blink frogs
  5 dream sheep
  2 dream sheep (shapeshifter)
  33 slime creatures
  A spriggan (Lair:4)
  30 jumping spiders
  A vampire (D:9)
  20 water elementals
  A spriggan (shapeshifter) (Elf:3)
  10 snapping turtles
  45 yaks
  2 jumping spiders (shapeshifter)
  7 air elementals
  An ettin skeleton (Vaults:1)
  A shadow (D:12)
  2 dire elephant simulacra (IceCv)
  A wraith (D:11)
  9 wyverns
  A ynoxinul (D:9)
  25 culicivoras
  3 basilisks
  12 fire elementals
  A yak (shapeshifter) (Elf:3)
  55 redbacks
  A neqoxec (Depths:2)
  A hog (shapeshifter) (Elf:2)
  A yaktaur simulacrum (Vaults:2)
  10 vampire mosquitoes
  A basilisk (shapeshifter) (Elf:3)
  A steam dragon (D:7)
  8 wargs
  A glowing shapeshifter zombie (Vaults:2)
  2 harpy simulacra (IceCv)
  12 hell hounds (Lair:6)
  2 floating eyes
  2 hydra simulacra (IceCv)
  13 water moccasins
  43 orc warriors
  2 alligator simulacra (IceCv)
  10 black bears
  9 ogres
  40 wolves
  6 boggarts
  12 centaurs
  2 ettin simulacra (IceCv)
  2 kobold brigands
  3 elf zombies
  10 earth elementals
  7 scorpions
  14 bullfrogs
  A necrophage (D:6)
  A gnoll sergeant (D:12)
  9 wights
  16 killer bees
  A lindwurm simulacrum (IceCv)
  3 human simulacra
  10 howler monkeys
  A jelly (D:6)
  25 orc priests
  A gnoll bouda (D:6)
  4 hounds
  Crazy Yiuf (D:3)
  6 human zombies
  Ijyb (D:3)
  Natasha (thrice) (D:4)
  5 iguanas
  15 orc wizards
  5 hell rats
  5 mummies
  15 gnolls
  A river rat (Lair:6)
  6 adders
  An ufetubus (D:4)
  An adder zombie (Ossuary)
  5 worms
  3 dart slugs
  47 orcs
  11 ball pythons
  2 bats
  8 endoplasms
  5 giant cockroaches
  6 hobgoblins
  2 quokkas
  4 frilled lizards
  A gnoll zombie (Ossuary)
  5 goblins
  2 goblin zombies (Ossuary)
  A hobgoblin zombie (Ossuary)
  17 kobolds
  A kobold zombie (Ossuary)
  2 orc zombies (Ossuary)
  7 rats
  A rat zombie (Ossuary)
  A bush (D:9)
  8 tentacles
1654 creatures vanquished.

Vanquished Creatures (collateral kills)
  Rupert (D:13)
  Gastronok (Lair:3)
  The ghost of
  1994 the Cruncher, an adept TeVM of Okawaru (Shoals:4)
  A hydra (Lair:6)
  A catoblepas (Lair:6)
  A radroach (Spider:1)
  An alligator (Lair:6)
  2 two-headed ogres
  The ghost of Gargoyl the Covered, a novice GrBe of Trog (Lair:1)
  A pharaoh ant (Lair:2)
  Amaemon (D:10)
  A sun moth (Lair:2)
  Lodul (D:10)
  2 deep elf archers (Elf:1)
  A wolf spider (Spider:1)
  An ugly thing (D:13)
  A cyclops (Orc:1)
  4 elephants (Lair:5)
  A cane toad (Lair:5)
  An orange demon (D:10)
  5 polar bears
  4 blink frogs
  A jumping spider (Spider:1)
  19 yaks
  A basilisk (Lair:2)
  4 redbacks (Spider:1)
  3 wargs
  A water moccasin (Lair:6)
  3 hell hounds (Lair:6)
  10 orc warriors
  2 black bears (Lair:6)
  8 wolves
  4 centaurs
  5 ogres
  A scorpion (Lair:2)
  3 killer bees (D:10)
  A howler monkey (D:10)
  2 orc priests
  A hound (Lair:3)
  3 orc wizards
  A hell rat (Lair:6)
  6 river rats (Lair:6)
  12 orcs
  A giant cockroach (Lair:2)
126 creatures vanquished.

Vanquished Creatures (others)
  A bush (Lair:4)
  599 foxfires
  26 fungi
  299 plants
  6 snaplasher vines
  12 tentacles
943 creatures vanquished.

Grand Total: 2723 creatures vanquished

Notes
Turn   | Place    | Note
-------+----------+-------------------------------------------
     0 | D:1      | Banquo the Djinni Warper began the quest for the Orb.
     0 | D:1      | Banquo set off with the following spells memorised: Blink,
                  | Lesser Beckoning, Gell's Gravitas, Teleport Other, Manifold
                  | Assault.
     0 | D:1      | Reached XP level 1. HP: 18/18 MP: 0/0
   612 | D:1      | Reached XP level 2. HP: 23/23 MP: 0/0
   621 | D:1      | Found a faded altar of an unknown god.
  1363 | D:1      | Reached XP level 3. HP: 13/28 MP: 0/0
  1363 | D:1      | Learned a level 1 spell: Foxfire
  1666 | D:2      | Reached XP level 4. HP: 29/34 MP: 0/0
  2569 | D:3      | Identified a scroll of acquirement
  2623 | D:3      | Noticed Ijyb
  2884 | D:3      | You are sucked into a shaft and drop 1 floor!
  3011 | D:3      | Reached XP level 5. HP: 34/40 MP: 0/0
  3011 | D:3      | Learned a level 2 spell: Static Discharge
  3125 | D:3      | Found a runed translucent door.
  3126 | D:3      | Noticed Crazy Yiuf
  3260 | D:4      | Found a burning altar of Makhleb.
  3266 | D:4      | Reached skill level 3 in Dodging
  3412 | D:4      | Noticed an ogre
  3436 | D:4      | Killed an ogre
  3437 | D:4      | Reached XP level 6. HP: 34/46 MP: 0/0
  3833 | D:3      | Noticed Grinder
  3849 | D:3      | Killed Grinder
  3850 | D:3      | Reached XP level 7. HP: 26/51 MP: 0/0
  3850 | D:3      | Learned a level 2 spell: Wereblood
  4081 | D:3      | Killed Ijyb
  4215 | D:4      | Noticed Natasha
  4222 | D:4      | Killed Natasha
  4223 | D:4      | Noticed Natasha
  4230 | D:4      | Killed Natasha
  4231 | D:4      | Reached skill level 5 in Spellcasting
  4289 | D:4      | Noticed Natasha
  4294 | D:4      | Killed Natasha
  4796 | D:5      | Entered Level 5 of the Dungeon
  5051 | D:5      | Found a staircase to the Ecumenical Temple.
  5058 | Temple   | Entered the Ecumenical Temple
  5139 | Temple   | Became a worshipper of Ashenzari the Shackled
  5249 | D:5      | Noticed a water moccasin
  5256 | D:5      | Killed a water moccasin
  5257 | D:5      | Reached XP level 8. HP: 40/58 MP: 0/0
  5819 | D:5      | Identified the ring "Ennoipn" {+Blink rF+ Will+ rCorr MP+9}
  6447 | D:6      | Found a bloodstained altar of Trog.
  6447 | D:6      | Found a snail-covered altar of Cheibriados.
  6449 | D:6      | Found a glowing silver altar of Zin.
  6449 | D:6      | Found a hazy altar of Hepliaklqana.
  6449 | D:6      | Found an opulent altar of Gozag.
  6985 | D:6      | Found a hide-covered altar of Uskayaw.
  7129 | D:6      | Reached * piety under Ashenzari
  7167 | D:6      | Found a blossoming altar of Fedhas.
  7227 | D:6      | Reached XP level 9. HP: 60/66 MP: 0/0
  7227 | D:6      | Learned a level 3 spell: Stone Arrow
  7319 | D:3      | Killed Crazy Yiuf
  7480 | D:6      | Reached skill level 1 in Shields
  7496 | D:6      | Reached skill level 5 in Fighting
  7979 | D:7      | Reached skill level 4 in Dodging
  8463 | D:7      | Found a glowing golden altar of the Shining One.
  9063 | D:7      | Reached ** piety under Ashenzari
  9123 | D:8      | Reached XP level 10. HP: 61/73 MP: 0/0
  9153 | D:8      | Found a sand-covered staircase.
  9192 | Ossuary  | Entered an ossuary
  9597 | D:8      | Reached skill level 5 in Dodging
  9890 | D:8      | Found a sacrificial altar of Ru.
 10128 | D:8      | Noticed a two-headed ogre
 10135 | D:8      | Killed a two-headed ogre
 10833 | D:9      | Noticed gabibbone's ghost (novice OpEE)
 10833 | D:9      | Identified Xuhatai's Quarto of Geology
 10964 | D:9      | Reached XP level 11. HP: 45/81 MP: 0/0
 10964 | D:9      | Learned a level 5 spell: Summon Forest
 10966 | D:9      | Reached skill level 6 in Dodging
 11022 | D:9      | Identified the +1 scale mail of Pononyecva {Regen+ Slay+2
                  | Stlth-}
 11059 | D:9      | Found a runed translucent door.
 11129 | D:9      | Reached skill level 10 in Spellcasting
 11233 | D:9      | Found a staircase to the Lair.
 11387 | D:9      | Found a white marble altar of Elyvilon.
 11407 | D:9      | Found a stormy altar of Qazlal.
 11730 | Lair:1   | Entered Level 1 of the Lair of Beasts
 12075 | Lair:1   | Found a runed translucent door.
 12246 | Lair:1   | Reached skill level 5 in Long Blades
 12734 | Lair:1   | Noticed Gargoyl's ghost (novice GrBe)
 12788 | Lair:2   | Reached XP level 12. HP: 77/90 MP: 0/0
 12839 | Lair:2   | Reached *** piety under Ashenzari
 13045 | Lair:2   | Found a hole to the Spider Nest.
 13096 | Lair:2   | Reached skill level 1 in Stealth
 13097 | Lair:2   | Reached skill level 5 in Armour
 13099 | Lair:2   | Reached skill level 7 in Dodging
 13671 | Lair:3   | Noticed Gastronok
 13744 | Lair:3   | Noticed a catoblepas
 13749 | Lair:3   | Killed a catoblepas
 13750 | Lair:3   | Reached XP level 13. HP: 57/102 MP: 0/0
 13750 | Lair:3   | Learned a level 5 spell: Fireball
 13770 | Lair:3   | Reached skill level 8 in Dodging
 14460 | Lair:3   | Killed Gastronok
 14825 | Lair:4   | Noticed an eight-headed hydra
 14834 | Lair:4   | Killed an eight-headed hydra
 14904 | Lair:4   | Reached skill level 9 in Dodging
 14937 | Lair:4   | Noticed a seven-headed hydra
 14941 | Lair:4   | Killed a seven-headed hydra
 15449 | Lair:4   | Found a staircase to the Shoals.
 15816 | Lair:5   | Noticed a catoblepas
 15826 | Lair:5   | Identified the ring of the Clean God {rC++ Will+}
 15827 | Lair:5   | Killed a catoblepas
 16023 | Lair:5   | Found a staircase to the Slime Pits.
 16150 | Lair:5   | Identified the ring "Joitet" {rC+ Int-2 Dex+4}
 16161 | Lair:5   | Reached XP level 14. HP: 96/110 MP: 0/0
 16426 | Lair:5   | Found a viscous altar of Jiyva.
 16560 | Lair:6   | Entered Level 6 of the Lair of Beasts
 16693 | Lair:6   | Reached skill level 10 in Fighting
 18407 | Lair:6   | Reached XP level 15. HP: 85/122 MP: 0/0
 18407 | Lair:6   | Learned a level 6 spell: Starburst
 18718 | D:10     | Entered Level 10 of the Dungeon
 18723 | D:10     | Found a staircase to the Orcish Mines.
 18820 | D:10     | Noticed Lodul
 18827 | D:10     | Killed Lodul
 19022 | D:10     | Found an iron altar of Okawaru.
 19032 | D:10     | Found a basalt altar of Yredelemnul.
 19144 | D:10     | Noticed Amaemon
 19150 | D:10     | Killed Amaemon
 19188 | D:10     | Reached **** piety under Ashenzari
 19495 | D:10     | Noticed Fannar
 19501 | D:10     | Killed Fannar
 19899 | D:11     | Reached ***** piety under Ashenzari
 19976 | D:11     | Reached skill level 5 in Shields
 20358 | D:11     | Identified the ring "Zaschich" {rC+ Str+5}
 21155 | D:12     | Found a sparkling altar of Nemelex Xobeh.
 21299 | Orc:1    | Entered Level 1 of the Orcish Mines
 21315 | Orc:1    | Reached skill level 5 in Stealth
 21370 | Orc:2    | Entered Level 2 of the Orcish Mines
 21463 | Orc:2    | Found an iron altar of Okawaru.
 21937 | Orc:2    | Found a staircase to the Elven Halls.
 22024 | Orc:2    | Found Daran's Magic Scroll Shop.
 22059 | Orc:2    | Found Xori Kou's Jewellery Shoppe.
 22060 | Orc:2    | Found Muzegemi's Distillery.
 22060 | Orc:2    | Found Xotwud's Book Emporium.
 22064 | Orc:2    | Found Roffemp's Assorted Antiques.
 22095 | Orc:2    | Bought a scorched spear for 280 gold pieces
 22095 | Orc:2    | Identified the +7 spear of Sicecokk {pain, rElec rC- Will++
                  | Stlth+} (You bought it in a shop on level 2 of the Orcish
                  | Mines)
 22372 | D:13     | Found a portal to a secret trove of treasure.
 22444 | D:13     | Found a gate to the Vaults.
 22450 | D:13     | Reached XP level 16. HP: 92/136 MP: 0/0
 22519 | D:13     | Noticed Urug
 22524 | D:13     | Killed Urug
 22850 | D:13     | Noticed Rupert
 22857 | D:13     | Killed Rupert
 22858 | D:13     | Reached skill level 10 in Dodging
 23292 | D:14     | Identified Roxanne's Vellum of Forms
 23292 | D:14     | Noticed Roxanne
 23466 | D:14     | Reached skill level 10 in Armour
 23514 | D:14     | Noticed Agnes
 23518 | D:14     | Killed Agnes
 23664 | D:15     | Entered Level 15 of the Dungeon
 23990 | D:15     | Found a staircase to the Depths.
 24071 | D:15     | Identified the +2 hat of the Vaults {rC+}
 24561 | Lair:1   | Killed Gargoyl's ghost
 24626 | Spider:1 | Entered Level 1 of the Spider Nest
 25124 | Spider:1 | Reached XP level 17. HP: 129/148 MP: 0/0
 25124 | Spider:1 | Learned a level 7 spell: Orb of Destruction
 27021 | Spider:3 | Noticed Arachne
 27030 | Spider:3 | Killed Arachne
 27266 | Spider:3 | Noticed Nikola
 27279 | Spider:3 | Killed Nikola
 27914 | Spider:4 | Entered Level 4 of the Spider Nest
 27961 | Spider:4 | Reached XP level 18. HP: 138/153 MP: 0/0
 27990 | Spider:4 | Reached skill level 15 in Fighting
 28024 | Spider:4 | Reached skill level 10 in Shields
 28244 | Spider:4 | Found a frozen archway.
 28257 | IceCv    | Entered an ice cave
 28468 | Spider:4 | Reached skill level 15 in Spellcasting
 29104 | Spider:4 | Got a gossamer rune of Zot
 29458 | Elf:1    | Entered Level 1 of the Elven Halls
 29671 | Elf:1    | Identified Sif Muna's Collected Works on Snow
 29751 | Elf:1    | Reached XP level 19. HP: 119/160 MP: 0/0
 29751 | Elf:1    | Learned a level 6 spell: Death Channel
 29869 | Elf:1    | Paralysed by an air elemental for 1 turns
 29872 | Elf:1    | Paralysed by an air elemental for 1 turns
 30063 | Elf:1    | Identified the Parchment of the Congregation
 30187 | Elf:1    | Reached skill level 11 in Dodging
 30498 | Elf:1    | Identified the +0 pair of boots "Linn" {-Tele Int+2 Slay+3}
 30648 | Elf:1    | Paralysed by an air elemental for 1 turns
 30650 | Elf:1    | Paralysed by an air elemental for 1 turns
 30739 | Elf:1    | Identified the +4 chain mail of the Wumpus {rC+}
 31451 | Elf:2    | Identified the +9 scimitar "Rawea" {elec, rPois Dex+3}
 31452 | Elf:2    | Identified the +3 scimitar of Negaisa {flame, rF+ rN+
                  | Dex-3}
 31475 | Elf:2    | Reached skill level 12 in Dodging
 31531 | Elf:2    | Found a runed translucent gate.
 31531 | Elf:2    | Found a runed translucent gate.
 31587 | Elf:2    | Found a runed translucent gate.
 32220 | Elf:3    | Entered Level 3 of the Elven Halls
 32391 | Elf:3    | Identified the Tractate on Transmigration
 32394 | Elf:3    | Identified Zipnu's Vademecum on Frozen Conflagration
 32587 | Elf:3    | Found Roqeefe's Weapon Emporium.
 32862 | Elf:3    | Reached XP level 20. HP: 171/175 MP: 0/0
 33283 | Elf:3    | Identified the +3 battleaxe of Cytag {drain, rN+ Str+4}
 33283 | Elf:3    | Identified the ring of Harmony {rPois rCorr Int-3 Dex+8}
 33339 | Elf:3    | Identified the ring "Qudoask" {rElec rC- Will+ Int+3}
 33452 | Elf:3    | Identified the ring of the Lonely Curses {rF+ MP+9 Int+2}
 33454 | Elf:3    | Identified the ring of the Quahog {rF- Will+ Str+6 Stlth+}
 33699 | Elf:3    | Identified the +6 hand axe "Tuylas" {vamp, *Noise rN+
                  | Stlth+}
 34125 | Elf:3    | Identified the Tome of Snowy Pyromania
 34128 | Elf:3    | Identified the Omnibus of Forms
 34161 | Elf:3    | Identified the Omnibus of Displacement
 34676 | Shoals:1 | Entered Level 1 of the Shoals
 34721 | Shoals:1 | Reached XP level 21. HP: 183/183 MP: 0/0
 34721 | Shoals:1 | Learned a level 8 spell: Ignition
 34731 | Shoals:1 | Noticed Louise
 34740 | Shoals:1 | Killed Louise
 35680 | Shoals:2 | Found a runed translucent gate.
 35681 | Shoals:2 | Found a runed translucent gate.
 35682 | Shoals:2 | Found an opulent altar of Gozag.
 35682 | Shoals:2 | Found a runed translucent gate.
 35685 | Shoals:2 | Found Huramova's Assorted Antiques.
 35685 | Shoals:2 | Found Gioblul's Assorted Antiques.
 35685 | Shoals:2 | Noticed Mandevil's ghost (adept DgFE)
 36379 | Shoals:2 | Killed Mandevil's ghost
 36469 | Shoals:2 | Bought a slimy leather armour for 301 gold pieces
 36469 | Shoals:2 | Identified the +1 leather armour of the Arcane {rCorr Dex-3
                  | Slay+5 SInv} (You bought it in a shop on level 2 of the
                  | Shoals)
 36473 | Shoals:2 | Bought a shimmering ring mail for 324 gold pieces
 36473 | Shoals:2 | Identified the +0 ring mail of the Old World {Dex+5} (You
                  | bought it in a shop on level 2 of the Shoals)
 36648 | D:9      | Killed gabibbone's ghost
 36787 | D:14     | Killed Roxanne
 37226 | Shoals:3 | Reached skill level 1 in Evocations
 37254 | Shoals:3 | Found Fiff's Jewellery Shop.
 37351 | Shoals:3 | Identified the +5 longbow "Juirilag" {flame, rCorr Str+5
                  | Stlth-}
 37703 | Shoals:3 | Reached XP level 22. HP: 190/191 MP: 0/0
 37946 | Shoals:4 | Entered Level 4 of the Shoals
 38122 | Shoals:4 | Noticed Ilsuiw
 38132 | Shoals:4 | Killed Ilsuiw
 38426 | Shoals:4 | Reached skill level 5 in Evocations
 39209 | Shoals:4 | Found a runed translucent door.
 39209 | Shoals:4 | Noticed 1994's ghost (adept TeVM)
 39502 | Shoals:4 | Got a barnacled rune of Zot
 39651 | Shoals:4 | Killed 1994's ghost
 39921 | Vaults:1 | Entered Level 1 of the Vaults
 40017 | Vaults:1 | Noticed Saint Roka
 40067 | Vaults:1 | Killed Saint Roka
 40547 | Vaults:1 | Found Qatopo's Distillery.
 40677 | Vaults:1 | Reached skill level 10 in Long Blades
 40967 | Vaults:1 | Reached XP level 23. HP: 134/197 MP: 0/0
 40967 | Vaults:1 | Learned a level 8 spell: Maxwell's Capacitive Coupling
 41894 | Vaults:2 | Found Cibet's Assorted Antiques.
 41900 | Vaults:2 | Reached skill level 15 in Shields
 42698 | Vaults:2 | Noticed Aizul
 42704 | Vaults:2 | Killed Aizul
 43390 | Vaults:3 | Found Zuishraj's General Store.
 43475 | Vaults:3 | Found a staircase to the Crypt.
 43475 | Vaults:3 | Found a basalt altar of Yredelemnul.
 43482 | Vaults:3 | Found a huge runed gate.
 43482 | Vaults:3 | Found a huge runed gate.
 43482 | Vaults:3 | Found a huge runed gate.
 43482 | Vaults:3 | Found a huge runed gate.
 43482 | Vaults:3 | Found a huge runed gate.
 43482 | Vaults:3 | Found a huge runed gate.
 43484 | Vaults:3 | Found a huge runed gate.
 43484 | Vaults:3 | Found a huge runed gate.
 43484 | Vaults:3 | Found a huge runed gate.
 43484 | Vaults:3 | Found a huge runed gate.
 43484 | Vaults:3 | Found a huge runed gate.
 43485 | Vaults:3 | Found a huge runed gate.
 43486 | Vaults:3 | Found a huge runed gate.
 43487 | Vaults:3 | Found a huge runed gate.
 43492 | Vaults:3 | Found a huge runed gate.
 43492 | Vaults:3 | Found a huge runed gate.
 43496 | Vaults:3 | Found a huge runed gate.
 43496 | Vaults:3 | Found a huge runed gate.
 43496 | Vaults:3 | Found a huge runed gate.
 43496 | Vaults:3 | Found a huge runed gate.
 43499 | Vaults:3 | Found a huge runed gate.
 43500 | Vaults:3 | Found a huge runed gate.
 43501 | Vaults:3 | Found a huge runed gate.
 43511 | Vaults:3 | Found a huge runed gate.
 43511 | Vaults:3 | Found a huge runed gate.
 43584 | Vaults:3 | Found a huge runed gate.
 43632 | Vaults:3 | Found a huge runed gate.
 43632 | Vaults:3 | Found a huge runed gate.
 43632 | Vaults:3 | Found a huge runed gate.
 43632 | Vaults:3 | Found a huge runed gate.
 43633 | Vaults:3 | Found a huge runed gate.
 43634 | Vaults:3 | Found a huge runed gate.
 43638 | Vaults:3 | Found a huge runed gate.
 43638 | Vaults:3 | Found a huge runed gate.
 43642 | Vaults:3 | Found a huge runed gate.
 43642 | Vaults:3 | Found a huge runed gate.
 44131 | Vaults:3 | Reached XP level 24. HP: 176/204 MP: 0/0
 44179 | Vaults:3 | Found a runed translucent door.
 44179 | Vaults:3 | Noticed Dasi's ghost (adept SpEn)
 44221 | Vaults:3 | Noticed Frederick
 44231 | Vaults:3 | Killed Frederick
 44502 | Vaults:3 | Killed Dasi's ghost
 44557 | Vaults:3 | Noticed a dread lich
 44558 | Vaults:3 | Found the +3 pair of seven-league boots {Rampage+∞}
 44567 | Vaults:3 | Reached skill level 13 in Dodging
 44567 | Vaults:3 | Killed a dread lich
 44773 | Vaults:4 | Reached skill level 14 in Dodging
 44860 | Vaults:4 | Found Biqidd's Distillery.
 44860 | Vaults:4 | Found Runuokots's Weapon Emporium.
 44942 | Vaults:4 | Found Raveis's Armour Shop.
 45088 | Vaults:4 | Reached skill level 15 in Dodging
 45101 | Vaults:4 | Identified the +4 sling of Genemij {speed, rC+}
 45812 | Vaults:4 | Found Josiyjuj's Assorted Antiques.
 45815 | Vaults:4 | Reached skill level 16 in Dodging
 45935 | Vaults:4 | Reached skill level 17 in Dodging
 46182 | Vaults:4 | Reached skill level 18 in Dodging
 46908 | Depths:1 | Entered Level 1 of the Depths
 47012 | Depths:1 | Found Epnir's Overcharged Wands.
 47020 | Depths:1 | Reached skill level 19 in Dodging
 47309 | Depths:1 | Found Vin Zey's Weapon Emporium.
 47573 | Depths:1 | Reached XP level 25. HP: 204/209 MP: 0/0
 47573 | Depths:1 | Learned a level 8 spell: Summon Horrible Things
 47597 | Depths:1 | Found a gateway to Hell.
 48191 | Depths:2 | Noticed Asterion
 48196 | Depths:2 | Killed Asterion
 48260 | Depths:2 | Found a one-way gate leading to the halls of Pandemonium.
 48300 | Depths:2 | Noticed Mara
 48359 | Depths:2 | Noticed Grunn
 48367 | Depths:2 | Killed Grunn
 48375 | Depths:2 | Noticed a juggernaut
 48409 | Depths:2 | Slain by a Tzitzimitl

Illustrated notes

Levels and vault maps discovered:
D:1:      erik_arrival_orb_chamber, layout_loops_corners,
          nicolae_ecumenical_snake_handling
D:2:      layout_rooms
D:3:      layout_rooms, uniq_ijyb, uniq_grinder, uniq_crazy_yiuf_cottage
D:4:      layout_cave_pools, mainiacjoe_overflow_catwalk, serial_bayou_lake_a,
          uniq_natasha
D:5:      layout_basic, minmay_temple_entry_arrows
D:6:      layout_rooms, mainiacjoe_overflow_boulevard,
          lemuel_coloured_pillars_altar, grunt_temple_overflow_open
D:7:      layout_rooms, nicolae_tso_carved_into_rock
D:8:      layout_basic, nicolae_ru_great_annihilating_truth,
          gup_ossuary_entry_pyramid, hangedman_abyss_or_decor_passed
D:9:      layout_grid_maze, mainiacjoe_overflow_small_starburst,
          grunt_qazlal_sundering, lair_entry_dummy, hellmonk_ghost_big_iron,
          dk_vineyard_2
D:10:     layout_grid_maze, mainiacjoe_overflow_alcove_2, lemuel_crystal_altar,
          david_orc_3, uniq_lodul, uniq_amaemon, uniq_fannar
D:11:     cheibrodos_elevator_heist, layout_rooms
D:12:     layout_loops_cross, solitary_fountain, nemelex_lonely_heart_becter
D:13:     layout_stronghold, lightli_vaults_fourway_checkpoint, enter_trove_0,
          uniq_rupert, uniq_urug
D:14:     layout_rooms, abandoned_shop, drop_trap, uniq_roxanne, uniq_agnes
D:15:     grunt_enter_depths_giant_problem, layout_loops_ring
Temple:   nicolae_temple_colour_theory
Lair:1:   layout_cellular_growth, ebering_ghost_reflecting_pool,
          infiniplex_staircase_pool_2, grunt_megastairs_3
Lair:2:   layout_chaotic_city, nicolae_spider_entry_non_spiders, st_stairs_7,
          lemuel_fruit_fields
Lair:3:   beast_lair_carwin_large_4, layout_chaotic_city, serial_forest,
          infiniplex_forest_corner_1, infiniplex_forest_clump_medium,
          infiniplex_forest_straight_5, infiniplex_forest_straight_4,
          infiniplex_forest_end_2, infiniplex_forest_clump_double,
          infiniplex_forest_end_1, infiniplex_forest_clump_small, uniq_gastronok
Lair:4:   layout_gridlike, minmay_shoals_entry_lonely_mermaid,
          grunt_forest_large_clearing_hut
Lair:5:   layout_misc_corridors, minmay_slime_entry_eyes, wad_woods_road_01
Lair:6:   hangedman_lair_in_review, layout_cave_pods,
          hangedman_lair_caniforms_friends, kennysheep_rathole,
          lemuel_fruit_tree
Shoals:1: layout_shoals, nicolae_shoals_beach_house_on_fowls_legs, uniq_louise
Shoals:2: layout_shoals, ebering_ghost_gozag,
          nicolae_shoals_water_elemental_grotto
Shoals:3: layout_shoals, serial_shops, nicolae_shop_waterfront,
          nicolae_shoals_goliath_grotto
Shoals:4: shoals_end_grunt_garden, layout_shoals, shoals_ilsuiw_alternative,
          gammafunk_ghost_grave
Spider:1: nicolae_spider_hilbert_zone_5 [nicolae_spider_hilbert_3_sides_1_open,
          nicolae_spider_hilbert_4_sides_1_open,
          nicolae_spider_hilbert_4_sides_1_open,
          nicolae_spider_hilbert_6_sides_1_open,
          nicolae_spider_hilbert_6_sides_1_open]
Spider:2: layout_chambers
Spider:3: layout_chambers, uniq_nikola, uniq_arachne
Spider:4: hellmonk_spider_rune_endless_swarm,
          portal_ice_cave_entry_ice_statue_two
Orc:1:    layout_diamond_mine
Orc:2:    st_orc_rangers, layout_caves, serial_shops, nicolae_lakefront_shop,
          okawaru_metal_pillars_1_2
Elf:1:    minmay_the_grid_triangle_9x9_recursive_3_mashed
          [minmay_the_grid_triangle_9x9_stretched_checkered,
          minmay_the_grid_triangle_9x9_negative_grid,
          minmay_the_grid_triangle_9x9_warning,
          minmay_the_grid_triangle_9x9_prize_center,
          minmay_the_grid_triangle_9x9_corrupted_corridor,
          minmay_the_grid_triangle_9x9_skeleton,
          minmay_the_grid_triangle_9x9_semitri,
          minmay_the_grid_triangle_9x9_sparse_checkered,
          minmay_the_grid_triangle_9x9_intruding_spiral], layout_geoelf_grid,
          minmay_elf_demonology, nicolae_elf_loose_elemental_storage
Elf:2:    nicolae_elf_blades_splatter_lattice [mumra_blade_entry_bloodbath],
          layout_geoelf_grid
Elf:3:    minmay_elf_hall_x, layout_gridlike, serial_shops, nicolae_shop_trees,
          nicolae_twisting_strands, nicolae_elf_shapeshifter_party
Vaults:1: v_alt_pattern_6, vaults_room_door_hall, hangedman_vaults_capsules,
          vaults_dpeg_ring, nicolae_vaults_what_the_h, vaults_room_pool,
          hangedman_vaults_trim, v_misc_11, nicolae_vaults_theta,
          vaults_room_semicircle, layout_vaults_chaotic_city, serial_shops,
          shop, uniq_saint_roka
Vaults:2: hangedman_vaults_corner, ontoclasm_vaults_decontamination,
          ontoclasm_vaults_idyll, vaults_room_mumra_shop_pool,
          hangedman_vaults_trim, vaults_mumra_chevron, ontoclasm_vaults_eye,
          ontoclasm_vaults_idyll, vaults_dpeg_diagonal, hangedman_vaults_maws,
          nicolae_vaults_know_your_exits, v_pattern_3,
          nicolae_vaults_little_squares_4, hangedman_vaults_cutoff,
          vaults_room_fancy_cross, vaults_room_fancy_cross,
          layout_vaults_omnibox, uniq_aizul
Vaults:3: hellmonk_ghost_happy_afterlife, v_pattern_2,
          minmay_crypt_entry_necro_gods, vaults_room_pool, door_vault,
          nicolae_vaults_disjoint_gnomons, ontoclasm_vaults_ligature,
          ontoclasm_vaults_fault, v_misc_5, nicolae_vaults_network_square,
          ontoclasm_vaults_ring_square, nicolae_vaults_network_periphery,
          ontoclasm_vaults_ring_square, nicolae_vaults_big_ls,
          nicolae_vaults_asterisk, layout_vaults_maze, serial_shops, shop,
          uniq_frederick
Vaults:4: vaults_mumra_hexcomb, v_misc_18, grunt_vaults_hallway_short,
          hangedman_vaults_restitches, v_misc_2, v_rooms_1, vaults_dpeg_hooks,
          grunt_vaults_hallway_long, special_room_vaults [special_room_orc],
          nicolae_vaults_alarming, v_misc_8, v_alt_pattern_1, vaults_dpeg_doors,
          layout_vaults_ring, serial_shops, shop, nicolae_shop_behind_doors,
          nicolae_shop_trees, nicolae_shop_hallway_plus
Depths:1: layout_basic, serial_shops, shop, nicolae_figureground_pulse,
          lightli_too_deep, nicolae_shop_overcharged_wands
Depths:2: kennysheep_four_of_diamonds, layout_honeycomb, rand_demon_pan_entry_1,
          hangedman_decor_clover_reticule, grunt_hell_entry_dis_grunt,
          minmay_misc_feat_diagonals, minmay_fractal_squares_diagonal_5,
          kennysheep_random_hallway, uniq_vv, uniq_asterion, uniq_grunn,
          uniq_mara

Skill      XL: |  1  2  3  4  5  6  7  8  9 10 11 12 13 14 15 16 17 18 19 20 21 22 23 24 |
---------------+-------------------------------------------------------------------------+-----
Long Blades    | 2 4 5 6 7 8 10 11 | 11.7
Spellcasting   | 3 4 5 7 8 9 10 11 12 13 14 15 16 17 | 17.9
Fighting       | 3 4 5 6 7 8 9 12 13 14 15 16 17 | 17.9
Dodging        | 3 4 5 6 7 9 10 12 19 | 19.8
Shields        | 2 4 7 8 9 11 12 13 14 18 | 18.8
Armour         | 2 4 6 9 10 11 12 | 12.6
Stealth        | 2 3 6 7 |  7.5
Evocations     | 2 5 |  5.6
Throwing       | |  0.7

Action                   |  1- 3 |  4- 6 |  7- 9 | 10-12 | 13-15 | 16-18 | 19-21 | 22-24 | 25-27 || total
-------------------------+-------+-------+-------+-------+-------+-------+-------+-------+-------++-------
Melee: Falchion          |    64 |    10 |    10 |    19 |    28 |       |       |       |       ||   131
       Staff             |       |       |       |     1 |     4 |       |       |       |       ||     5
 Cast: Foxfire           |    11 |   126 |   129 |    68 |     2 |       |       |     1 |       ||   337
       Static Discharge  |       |     1 |    13 |    24 |     7 |     3 |       |     2 |       ||    50
       Gell's Gravitas   |       |       |    14 |     5 |       |       |       |       |       ||    19
       Stone Arrow       |       |       |    41 |   170 |   365 |    41 |    73 |     9 |       ||   699
       Summon Forest     |       |       |       |    13 |    36 |    12 |       |     3 |       ||    64
       Manifold Assault  |       |       |       |     7 |    16 |       |       |       |       ||    23
       Fireball          |       |       |       |       |   143 |   194 |   179 |   177 |     9 ||   702
       Starburst         |       |       |       |       |    24 |   106 |    35 |   113 |    13 ||   291
       Orb of Destructio |       |       |       |       |       |   194 |   169 |   235 |    28 ||   626
       Death Channel     |       |       |       |       |       |       |     1 |       |       ||     1
       Ignition          |       |       |       |       |       |       |    18 |   127 |    15 ||   160
       Maxwell's Capacit |       |       |       |       |       |       |       |    26 |     5 ||    31
Invok: Curse Item        |       |       |     3 |     3 |     3 |     1 |     2 |       |       ||    12
       Shatter the Chain |       |       |       |     1 |     2 |     1 |       |     1 |       ||     5
  Use: Scroll            |       |     3 |     6 |       |       |       |     2 |       |     4 ||    15
       Potion            |       |       |       |       |       |       |     2 |       |     5 ||     7
 Stab: Sleeping          |     1 |       |       |       |       |       |       |       |       ||     1
Armor: Leather armour    |    17 |     2 |       |     7 |       |       |       |       |       ||    26
       Scale mail        |       |       |       |    14 |    74 |    78 |    39 |    34 |     2 ||   241
Dodge: Dodged            |    53 |    14 |    24 |    53 |   105 |    96 |    54 |    66 |     9 ||   474
Block: Buckler           |       |       |       |       |       |    14 |    44 |    66 |     8 ||   132

Table legend: (Time is in decaauts)
 A = Elapsed time spent in this place.
 B = Non-inter-level travel time spent in this place.
 C = Inter-level travel time spent in this place.
 D = Time resting spent in this place.
 E = Time spent auto-exploring this place.
 F = Levels seen in this place.
 G = Mean time per level.
                   A        B        C        D        E       F      G
               +--------+--------+--------+--------+--------+-----+--------+
         Total |  48498 |  42127 |   6371 |   7286 |  20129 |  43 | 1127.9 |
       Dungeon |  17392 |  14952 |   2440 |   3230 |   8338 |  15 | 1159.5 |
        Temple |     89 |     70 |     19 |      0 |     64 |   1 |   89.0 |
          Lair |   7700 |   6474 |   1226 |    740 |   3737 |   6 | 1283.3 |
        Shoals |   4557 |   4092 |    465 |    704 |   2014 |   4 | 1139.2 |
   Spider Nest |   4315 |   4070 |    245 |    532 |   1773 |   4 | 1078.8 |
  Orcish Mines |   1325 |    870 |    455 |    116 |    413 |   2 |  662.5 |
   Elven Halls |   4536 |   3915 |    621 |    754 |    718 |   3 | 1512.0 |
        Vaults |   6525 |   5762 |    763 |    863 |   2508 |   4 | 1631.2 |
        Depths |   1496 |   1362 |    134 |    126 |    551 |   2 |  748.0 |
       Ossuary |    377 |    377 |      0 |    191 |     13 |   1 |  377.0 |
      Ice Cave |    182 |    182 |      0 |     30 |      0 |   1 |  182.0 |
               +--------+--------+--------+--------+--------+-----+--------+

Top non-repeatable levels by time:
Vaults:1: 1952 daAuts
  Lair:6: 1931 daAuts
   Elf:3: 1912 daAuts
   Elf:1: 1810 daAuts
     D:9: 1801 daAuts
     D:5: 1759 daAuts
Vaults:3: 1753 daAuts
Shoals:4: 1668 daAuts
    D:10: 1609 daAuts
     D:1: 1591 daAuts
Vaults:4: 1474 daAuts
Spider:3: 1426 daAuts
Vaults:2: 1344 daAuts
  Lair:1: 1302 daAuts
     D:4: 1301 daAuts
